Cogmind - Beta 17.1 @@@ ROGUE MODE // 2026.09.04 @ 18:30:21 Player: Finn Result: Destroyed by G-50 Soldier with Heavy Laser Performance ------------- Evolutions (4) 2000 Regions Visited (6) 1200 Robots Destroyed (59) 295 Value Destroyed (2005) 2005 Prototype IDs (4) 80 Alien Tech Used (0) 0 Bonus (0) 0 TOTAL SCORE: 5580 Bonus ------- None Cogmind --------- Core Integrity 0/850 Matter 285/300 Energy 100/100 System Corruption 0% Temperature Cool (9) Movement Flying (145) Ox1 Location -6/Lower Caves Parts ------- > --- POWER (2) -------- (None) > --- PROPULSION (3) --- Makeshift Flight Unit > --- UTILITY (6) ------ Improved Signal Interpreter Focal Shield Shock Absorption System Hacking Suite System Shield > --- WEAPON (4) ------- Battle Rifle Heavy Battle Rifle > --- INVENTORY (5) ---- Matter Filter High-powered Tractor Beam Heavy Laser Heavy Machine Gun Heavy Machine Gun Peak State ------------ > --- POWER ------------ Micro Nuclear Core Micro Nuclear Core > --- PROPULSION ------- Gravmag System Gravmag System Improved Airjet > --- UTILITY ---------- Improved Signal Interpreter Advanced Targeting Computer Shock Absorption System Shield Generator System Shield > --- WEAPON ----------- Heavy Laser Heavy Laser Minigun > --- INVENTORY -------- Gravmag System Hardened Light Armor Plating Heavy Laser Heavy Laser Remote Datajack [Rating: 48] Favorites ----------- Power Heavy Ion Engine Engine Heavy Ion Engine Power Core Micro Nuclear Core Propulsion Gravmag System Leg Aluminum Leg Wheel Wheel Hover Unit Gravmag System Flight Unit Makeshift Flight Unit Utility Improved Signal Interpreter Device Shield Generator Storage Small Storage Unit Processor Improved Signal Interpreter Hackware System Shield Protection Hardened Light Armor Plating Weapon Heavy Laser Energy Gun Heavy Laser Energy Cannon Phase Cannon Ballistic Gun Light Assault Rifle Ballistic Cannon Flak Cannon Launcher Grenade Launcher Special Weapon Remote Datajack Slashing Weapon Chainsword Build | -11 -10 -9 -8 -7 -6 -6 ------- Run | Yrd Mat Mat Mat Fac Fac Low Slots Evolved 8 | . . 2 2 2 2 . Power 1 | . . . . 1 . . Propulsion 1 | . . . 1 . . . Utility 4 | . . 2 . 1 1 . Weapon 2 | . . . 1 . 1 . Parts Attached 74 | 7 4 15 4 32 3 9 Power 9 | 1 1 3 . 4 . . Engine 4 | 1 1 1 . 1 . . Core 5 | . . 2 . 3 . . Reactor . | . . . . . . . Propulsion 19 | 2 1 3 1 10 . 2 Treads . | . . . . . . . Leg 2 | . . . . 2 . . Wheel 4 | 2 1 . . . . 1 Hover 12 | . . 3 1 8 . . Flight 1 | . . . . . . 1 Utility 23 | 2 . 4 2 10 2 3 Device 8 | 1 . . 1 4 . 2 Storage 1 | 1 . . . . . . Processor 6 | . . 4 1 1 . . Hackware 3 | . . . . 2 . 1 Protection 5 | . . . . 3 2 . Artifact . | . . . . . . . Weapon 23 | 2 2 5 1 8 1 4 Energy Gun 9 | 1 . 2 . 5 1 . Energy Cannon 1 | . . . . . . 1 Ballistic Gun 8 | 1 1 3 . 1 . 2 Ballistic Cannon 2 | . . . 1 . . 1 Launcher 1 | . 1 . . . . . Special Weapon 1 | . . . . 1 . . Impact Weapon . | . . . . . . . Slashing Weapon 1 | . . . . 1 . . Piercing Weapon . | . . . . . . . Special Melee Weapon . | . . . . . . . Unidentified Prototypes 4 | . . 3 . 1 . . Parts Lost 50 | . 7 3 6 24 7 3 Power 7 | . 1 . . 6 . . Propulsion 13 | . 3 2 2 4 1 1 Utility 13 | . 1 . 1 8 3 . Weapon 17 | . 2 1 3 6 3 2 Highest Loss Streak 8 | . 3 1 3 8 7 1 To Critical Strikes . | . . . . . . . Average Backups 5 | 1 4 6 6 5 3 4 Power 1 | . 1 2 3 1 . . Propulsion . | . . . . . . . Utility 2 | . . 1 2 2 . 1 Weapon 1 | . 2 1 . . 2 3 Tool/Special . | . . . . . . . Unused Backups 5 | . . . . 1 . 4 Power . | . . . . . . . Propulsion . | . . . . . . . Utility 3 | . . . . 1 . 2 Weapon 2 | . . . . . . 2 Tool/Special . | . . . . . . . Average Slot Usage (%) 73 | . 89 82 76 82 47 29 Engine 5 | . 13 7 9 4 . . Core 3 | . . 3 . 6 . . Leg 1 | . . . . 3 . . Wheel 2 | . 20 . . . . 1 Hover 7 | . . 13 12 8 4 . Device 5 | . 13 . 5 7 . 1 Storage 5 | . 14 11 9 3 . . Processor 13 | . . 24 21 14 12 6 Hackware 3 | . . . . 4 6 11 Protection 2 | . . . . 5 5 . Energy Gun 8 | . 13 5 4 11 4 . Ballistic Gun 7 | . 13 15 11 5 4 1 Ballistic Cannon 2 | . . . 4 3 . 3 Peak Build Rating 48 | 9 9 23 23 48 28 31 Average Rating 23 | 5 8 17 20 32 24 17 On Entrance 9 | . 9 3 18 14 17 7 Avg Prop Armor Cover (%) 4 | . . . . 5 . 3 Naked Turns . | . . . . . . . Heaviest Build 41 | 12 13 19 22 41 15 15 Greatest Support 27 | 20 20 16 13 27 9 16 Greatest Overweight (x) 13 | . 2 5 6 13 3 4 Average Overweight (x) 1 | . . 1 1 1 . 1 Largest Inventory Capacity 8 | 8 8 8 8 8 5 5 Average Capacity 6 | 7 8 8 8 6 5 5 Most Carried 8 | 4 6 8 7 8 5 5 Average Carried 5 | 1 4 6 6 5 3 4 Final Capacity 8 | 8 8 8 8 5 5 5 Final Carried 8 | 3 4 8 7 4 4 5 Class Distribution -------------------- 39% | Mutant 17% | Tank 14% | Gunner 11% | Hacker-Mutant 7% | Scavenger-Tank 6% | Scavenger-Gunner Dominant Class ---------------- Mutant | -10/Materials Mutant | -9/Materials Mutant | -8/Materials Tank | -7/Factory Gunner | -6/Factory Hacker-Mutant | -6/Lower Caves Resources | -11 -10 -9 -8 -7 -6 -6 ----------- Run | Yrd Mat Mat Mat Fac Fac Low Matter Collected 1845 | 218 165 608 113 415 . 326 Remotely . | . . . . . . . Salvage Created 2016 | 19 343 854 250 550 . . Parts 138 | 4 28 59 10 37 . . Haulers Intercepted . | . . . . . . . Recyclers Shooed 1 | . . 1 . . . . Parts Field Recycled . | . . . . . . . Retrieved Matter . | . . . . . . . Parts Self-Destructed . | . . . . . . . Prevented . | . . . . . . . Parts Restored . | . . . . . . . Kills | -11 -10 -9 -8 -7 -6 -6 ------- Run | Yrd Mat Mat Mat Fac Fac Low Combat Hostiles Destroyed 49 | . 12 20 5 12 . . Melee 1 | . . . . 1 . . Guns 39 | . 10 19 3 7 . . Cannons 5 | . . . 2 3 . . AOE 3 | . 2 1 . . . . Classes Destroyed 12 | 1 4 4 1 2 . . Worker 3 | . 1 1 . 1 . . Builder 1 | . . 1 . . . . Tunneler 2 | 1 1 . . . . . Recycler 1 | . . . . 1 . . Operator 2 | . 1 1 . . . . Watcher 1 | . . 1 . . . . Swarmer 9 | . 5 4 . . . . Grunt 20 | . 7 9 1 3 . . Duelist 1 | . . 1 . . . . Sentry 11 | . . 6 3 2 . . Hunter 1 | . . . 1 . . . Programmer 7 | . . . . 7 . . Best Kill Streak 6 | 1 6 5 2 3 . . Combat Bots Only 4 | . 3 4 2 3 . . Max Kills in Single Turn 3 | 1 3 1 1 1 . . Gunslinging . | . . . . . . . Exploded 1 | . 1 1 . . . . Melee 1 | . . . . 1 . . Uniques/NPCs Destroyed . | . . . . . . . Combat | -11 -10 -9 -8 -7 -6 -6 -------- Run | Yrd Mat Mat Mat Fac Fac Low Hostile Shots Fired 686 | . 81 78 26 291 162 48 Missed 219 | . 21 22 6 82 71 17 Hits 467 | . 60 56 20 209 91 31 Melee 1 | . . 1 . . . . Projectile 466 | . 60 55 20 209 91 31 Critical Strikes 13 | . 1 . 1 9 2 . Damage Taken 5647 | . 678 734 380 2174 1086 595 Core 1589 | . 228 140 75 286 575 285 Absorbed by Shields 392 | . . . . 392 . . Redirected to Shielding 102 | . . . . . 102 . Core Remaining (%) 63 | 100 8 65 86 59 . . Volleys Fired 204 | 3 48 63 19 67 . 4 Largest 3 | 2 2 2 3 3 . 2 Hottest 207 | 60 70 70 95 207 . 125 Shots Fired 423 | 6 84 126 40 160 . 7 Gun 373 | 6 82 123 35 127 . . Cannon 43 | . . . 5 31 . 7 Launcher 5 | . 2 3 . . . . Special 2 | . . . . 2 . . Kinetic 260 | 3 40 110 30 73 . 4 Thermal 132 | 3 42 7 . 77 . 3 Explosive 5 | . 2 3 . . . . Electromagnetic 24 | . . 6 10 8 . . Robot Hit Streak 17 | 1 7 16 8 17 . 2 Robot Miss Streak 6 | 2 3 6 3 4 . 2 Penetration Max . | . . . . . . . Secondary Targets 5 | . 2 2 1 . . . Max Gunslinging Chain 1 | . 1 1 1 . . . Shots Hit Robots 252 | 2 54 66 32 95 . 3 Core Hits 127 | 1 27 36 15 45 1 2 Critical Kills 1 | . . 1 . . . . Critical Parts Destroyed . | . . . . . . . Critical Strikes 1 | . . 1 . . . . Destroy 1 | . . 1 . . . . Melee Attacks 1 | . . . . 1 . . Impact . | . . . . . . . Slashing 1 | . . . . 1 . . Piercing . | . . . . . . . Sneak Attacks . | . . . . . . . Combat Hostiles . | . . . . . . . Follow-up Attacks . | . . . . . . . Damage Inflicted 4676 | 22 808 1468 569 1701 13 95 Guns 3328 | 22 594 1120 412 1180 . . Cannons 608 | . . . 70 452 . 86 Explosions 615 | . 214 314 87 . . . Melee 38 | . . . . 38 . . Ramming 87 | . . 34 . 31 13 9 Kinetic 2317 | . 326 1013 347 607 . 24 Thermal 1410 | 22 268 43 . 1015 . 62 Explosive 615 | . 214 314 87 . . . Electromagnetic 209 | . . 64 135 10 . . Impact . | . . . . . . . Slashing 38 | . . . . 38 . . Piercing . | . . . . . . . Highest Corruption 18 | . . . . 18 . . Average Corruption 6 | . . . . 6 . . Corruption Purged . | . . . . . . . Corruption Blocked . | . . . . . . . Effects 70 | . . . . 70 . . Message Errors 14 | . . . . 14 . . Matter Fused 17 | . . . . 17 . . Heat Flow Errors 6 | . . . . 6 . . Energy Discharges 3 | . . . . 3 . . Parts Fused 2 | . . . . 2 . . Data Loss (minor) 9 | . . . . 9 . . Data Loss (major) 6 | . . . . 6 . . Misfires 6 | . . . . 6 . . Alerts 2 | . . . . 2 . . Misdirections 5 | . . . . 5 . . Overload Shots . | . . . . . . . Overflow Damage 13 | . . . 10 2 . 1 Projectiles . | . . . . . . . Explosions 10 | . . . 10 . . . Melee 3 | . . . . 2 . 1 Knockbacks 26 | . . 2 5 19 . . Impact 1 | . . 1 . . . . Kinetic 21 | . . . 5 16 . . Secondary 4 | . . 1 . 3 . . Self-Inflicted Damage 116 | . . 16 75 15 6 4 Shots 1 | . . . 1 . . . Rammed 16 | . . 3 . 4 7 2 Targets Rammed 17 | . . 3 . 5 7 2 Kicked 1 | . . . . 1 . . Crushed . | . . . . . . . Highest Temperature 469 | . 113 85 239 469 . 99 Average Temperature 132 | . 43 26 68 196 . 44 Received Heat Transfer 1651 | . 339 258 99 385 291 279 Effects 27 | . . . . 27 . . Shutdowns 7 | . . . . 7 . . Energy Bleed 4 | . . . . 4 . . Interference 12 | . . . . 12 . . Matter Decay 1 | . . . . 1 . . Damage (major) 3 | . . . . 3 . . Siege Activations . | . . . . . . . Martial Activations . | . . . . . . . Shielding Activations . | . . . . . . . Robots Disrupted . | . . . . . . . Combat Hostiles . | . . . . . . . Robots Corrupted . | . . . . . . . Combat Hostiles . | . . . . . . . Parts Fried 1 | . . . 1 . . . Impact Corruptions 2 | . . . . 1 . 1 Robots Melted 1 | . . . . 1 . . Combat Hostiles 1 | . . . . 1 . . Parts Melted 6 | . . . . 6 . . Heat Transferred 2600 | 50 600 100 . 1776 . 74 Parts Sabotaged . | . . . . . . . Parts Stolen . | . . . . . . . Parts Stripped . | . . . . . . . Power Chain Reactions . | . . . . . . . Alert | -11 -10 -9 -8 -7 -6 -6 ------- Run | Yrd Mat Mat Mat Fac Fac Low Maximum Alert Level 1 | . . 1 . . . . Low Security (%) 97 | 100 100 89 100 100 100 . Level 1 2 | . . 10 . . . . Level 2 . | . . . . . . . Level 3 . | . . . . . . . Level 4 . | . . . . . . . Level 5 . | . . . . . . . High Security . | . . . . . . . Max Security . | . . . . . . . Peak Influence 233 | 5 96 233 64 125 50 . Initial 50 | . . 1 44 20 50 . Average 43 | 1 18 137 17 23 11 . Influence Increases 1906 | 5 329 556 198 548 90 180 Destroy 0b10 Robot/C 980 | . 240 400 100 240 . . Destroy 0b10 Robot/NC 50 | 5 15 20 . 10 . . Destroy Leader 302 | . 50 112 40 100 . . Successful Hack 22 | . 9 4 7 2 . . Disable Machine 30 | . . . 30 . . . Destroy Structure 57 | . 15 20 21 1 . . Partial Spotted 15 | . . . . . 15 . Lose Combat Pursuer 450 | . . . . 195 75 180 Influence Decreases 1868 | 5 325 454 259 489 144 192 Entered New Map 163 | . . 3 62 25 54 19 Time Decay 1279 | 5 182 421 167 285 70 149 Lost Part 337 | . 54 30 30 179 20 24 Purge Threat 89 | . 89 . . . . . Squads Dispatched 25 | . 4 1 2 17 1 . Investigation 5 | . 1 . 1 2 1 . Extermination 9 | . . . . 9 . . Reinforcement 11 | . 3 1 1 6 . . Assault . | . . . . . . . Garrison . | . . . . . . . Intercept . | . . . . . . . Searches Triggered . | . . . . . . . Construction Impeded 1 | . . . . 1 . . Haulers Reinforced . | . . . . . . . Active Scanning Responses . | . . . . . . . Cargo Convoy Interrupts 1 | . . . . 1 . . Stealth | -11 -10 -9 -8 -7 -6 -6 --------- Run | Yrd Mat Mat Mat Fac Fac Low Distress Signals 8 | . 1 3 . 3 1 . Communications Jammed . | . . . . . . . Distress Signals . | . . . . . . . Times Spotted 126 | . 21 31 6 41 15 12 Peak Tracking Total 14 | . 4 7 3 8 14 4 Tactical Retreats 16 | . . . . 7 2 7 Traps | -11 -10 -9 -8 -7 -6 -6 ------- Run | Yrd Mat Mat Mat Fac Fac Low Traps Triggered 1 | . . . . 1 . . Indirectly . | . . . . . . . Trap Hack Attempts . | . . . . . . . Triggered . | . . . . . . . Disarmed . | . . . . . . . Reprogrammed 4 | . . 4 . . . . Reused . | . . . . . . . Traps Extracted . | . . . . . . . Installed . | . . . . . . . Triggered . | . . . . . . . Machines | -11 -10 -9 -8 -7 -6 -6 ---------- Run | Yrd Mat Mat Mat Fac Fac Low Machines Disabled 2 | . . . 2 . . . Max in Single Turn 2 | . . . 2 . . . Machines Repaired . | . . . . . . . Machines Dismantled . | . . . . . . . Machines Sabotaged . | . . . . . . . Overloaded Fab Kills . | . . . . . . . Hacking | -11 -10 -9 -8 -7 -6 -6 --------- Run | Yrd Mat Mat Mat Fac Fac Low Machines Accessed 27 | . 6 8 4 7 2 . Terminals 18 | . 4 7 3 4 . . Fabricators 2 | . . . . 1 1 . Repair Stations . | . . . . . . . Recycling Units 3 | . 2 . . 1 . . Scanalyzers 3 | . . 1 1 1 . . Garrison Access 1 | . . . . . 1 . Total Hacks 56 | . 16 14 5 17 4 . Successful 22 | . 4 8 2 8 . . Failed 34 | . 12 6 3 9 4 . Catastrophic 4 | . 2 1 1 . . . Database Lockouts . | . . . . . . . Manual . | . . . . . . . Terminals 39 | . 10 13 4 12 . . Fabricators 3 | . . . . 2 1 . Repair Stations . | . . . . . . . Recycling Units 8 | . 6 . . 2 . . Scanalyzers 3 | . . 1 1 1 . . Garrison Access 3 | . . . . . 3 . Terminal Hacks 16 | . 3 7 1 5 . . Record 5 | . . . . 5 . . Emergency Access Points 2 | . . 2 . . . . Unreport Threat 1 | . 1 . . . . . Locate Traps 1 | . 1 . . . . . Reprogram Traps 2 | . . 2 . . . . Dispatch Records 1 | . . 1 . . . . Patrol Status 1 | . . . 1 . . . Zone Layout 3 | . 1 2 . . . . Fabricator Hacks . | . . . . . . . Repair Station Hacks . | . . . . . . . Recycling Unit Hacks 3 | . 1 . . 2 . . Retrieve Matter 1 | . . . . 1 . . Retrieve Components 2 | . 1 . . 1 . . Scanalyzer 3 | . . 1 1 1 . . Retrieve Study 3 | . . 1 1 1 . . Garrison Access Hacks . | . . . . . . . Unauthorized Hacks . | . . . . . . . Terminals . | . . . . . . . Fabricators . | . . . . . . . Repair Stations . | . . . . . . . Recycling Units . | . . . . . . . Scanalyzers . | . . . . . . . Garrison Access . | . . . . . . . Data Cores Recovered 1 | . . 1 . . . . Used 1 | . . 1 . . . . Hacking Detections 14 | . 3 3 1 5 2 . Full Trace Events 8 | . 3 1 1 2 1 . Feedback Events . | . . . . . . . Feedback Blocked . | . . . . . . . Robot Schematics Acquired . | . . . . . . . Robots Built . | . . . . . . . Authchips . | . . . . . . . Time . | . . . . . . . Total Robot Build Rating . | . . . . . . . Part Schematics Acquired . | . . . . . . . Parts Built . | . . . . . . . Authchips . | . . . . . . . Time . | . . . . . . . Total Part Build Rating . | . . . . . . . Part Studies Acquired 2 | . . . 1 1 . . Parts Repaired . | . . . . . . . Time . | . . . . . . . Parts Recycled . | . . . . . . . Recycled Matter . | . . . . . . . Retrieved Matter . | . . . . . . . Retrieved Components 11 | . 3 . . 8 . . Parts Scanalyzed . | . . . . . . . Part Schematics Acquired . | . . . . . . . Parts Damaged . | . . . . . . . Bothacking | -11 -10 -9 -8 -7 -6 -6 ------------ Run | Yrd Mat Mat Mat Fac Fac Low Used RIF Installer . | . . . . . . . Robots Hacked 1 | . . . . 1 . . Non-combat . | . . . . . . . Combat 1 | . . . . 1 . . Robot Hacks Applied 1 | . . . . 1 . . parse_system 1 | . . . . 1 . . Relay Couplers Released . | . . . . . . . Fabnet Peak Effective % . | . . . . . . . Robots Rewired . | . . . . . . . Allies Hacked . | . . . . . . . Hacks Repelled . | . . . . . . . Allies | -11 -10 -9 -8 -7 -6 -6 -------- Run | Yrd Mat Mat Mat Fac Fac Low Total Allies . | . . . . . . . Largest Group . | . . . . . . . Highest-Rated Group . | . . . . . . . Highest-Rated Ally . | . . . . . . . Total Orders . | . . . . . . . Ally Attacks . | . . . . . . . Total Damage . | . . . . . . . Kills . | . . . . . . . Allies Corrupted . | . . . . . . . Allies Melted . | . . . . . . . Intel | -11 -10 -9 -8 -7 -6 -6 ------- Run | Yrd Mat Mat Mat Fac Fac Low Active Infowar (turns) 1809 | 13 740 . 330 726 . . Sensors 330 | . . . 330 . . . Terrain 753 | 13 740 . . . . . ECM 726 | . . . . 726 . . Robot Analysis Total . | . . . . . . . Derelict Logs Recovered 2 | . . . . . . 2 Drone Launches . | . . . . . . . Drone Recoveries . | . . . . . . . Exploration | -11 -10 -9 -8 -7 -6 -6 ------------- Run | Yrd Mat Mat Mat Fac Fac Low Turns Passed 7754 | 64 791 1295 577 3604 379 1044 Spaces Moved 4157 | 49 525 787 291 1367 363 775 Core 924 | 3 35 74 10 113 113 576 Treads . | . . . . . . . Legs 222 | . . . . 222 . . Wheels 725 | 46 490 . . . . 189 Hover 2276 | . . 713 281 1032 250 . Flight 10 | . . . . . . 10 Fastest Speed 48 | 50 80 56 116 48 50 50 Average Speed 131 | 78 90 131 154 161 100 118 Slowest Speed 700 | 80 150 300 350 700 200 250 Overloaded Moves . | . . . . . . . Propulsion Burnouts . | . . . . . . . Robots Hopped . | . . . . . . . Potential Cave-ins . | . . . . . . . Cave-ins Triggered . | . . . . . . . Exploration Rate (%) 40 | 3 75 56 27 34 9 82 Regions Visited 6 Branch Regions 1 Pre-discovered Areas . | . . . . . . . Known Exits Taken 3 | . . 1 1 1 . . Unknown Exits Taken 3 | 1 1 . . . 1 . Scrap Searched 6 | . . . . . . 6 Spaces Dug . | . . . . . . . Terrain Destroyed 64 | . 15 24 23 . . 2 Melee . | . . . . . . . Projectile 2 | . . . . . . 2 AOE 62 | . 15 24 23 . . . Terrain Rammed . | . . . . . . . Walls Destroyed . | . . . . . . . Machines Disabled . | . . . . . . . Actions | -11 -10 -9 -8 -7 -6 -6 --------- Run | Yrd Mat Mat Mat Fac Fac Low Total 6087 | 68 758 959 392 2641 377 892 Wait 1561 | . 177 74 72 1139 . 99 Move 4151 | 48 524 786 290 1366 362 775 Hop . | . . . . . . . Pick Up 52 | 10 4 13 5 15 4 1 Fast Attach 22 | . . 2 . 11 . 9 Attach 40 | 7 3 7 4 15 4 . Detach 1 | . . . . 1 . . Swap 24 | . 2 8 2 12 . . Drop 12 | . . 3 . 9 . . Fire 204 | 3 48 63 19 67 . 4 Melee 1 | . . . . 1 . . Ram 16 | . . 3 . 4 7 2 Kick 1 | . . . . 1 . . Crush . | . . . . . . . Escape Stasis . | . . . . . . . Rewire 2 | . . . . . . 2 Trap . | . . . . . . . Miscellaneous . | . . . . . . . Route ------- -11/Scrapyard -10/Materials (discovered 3 exits: *Mat x2 / [*Min]) -9/Materials (discovered 3 exits: *Mat / *Min / *Sto) -8/Materials -7/Factory -6/Factory -6/Lower Caves (discovered 1 exit: *Low) History --------- Turn | Location | Event 38 | -11/Scrapyard | Discovered new exit (range 12) 65 | -11/Scrapyard | Entered Materials 301 | -10/Materials | Build established: Mutant 469 | -10/Materials | Discovered new exit (range 16) 495 | -10/Materials | Core integrity fell below 50% 539 | -10/Materials | Lost 3 parts (1p2n) 621 | -10/Materials | Discovered new exit (range 8) 808 | -10/Materials | Core integrity fell below 20% 834 | -10/Materials | Discovered new exit (range 16) 844 | -10/Materials | Lost 3 parts (1n1u1w) 856 | -10/Materials | Entered another Materials area 856 | -9/Materials | Evolved 2 slots: Utility x2 1095 | -9/Materials | Discovered new exit (range 15) 1124 | -9/Materials | Identified exit to Mines 1263 | -9/Materials | Discovered new exit (range 15) 1278 | -9/Materials | Identified exit to Materials 1390 | -9/Materials | Discovered new exit (range 12) 1421 | -9/Materials | Identified exit to Storage 2151 | -9/Materials | Entered another Materials area 2151 | -8/Materials | Evolved 2 slots: Propulsion x1, Weapon x1 2452 | -8/Materials | Lost 3 parts (1n2w) 2653 | -8/Materials | Discovered new exit (range 16) 2724 | -8/Materials | Identified exit to Factory 2728 | -8/Materials | Entered Factory 2728 | -7/Factory | Evolved 2 slots: Power x1, Utility x1 3141 | -7/Factory | Build established: Tank 3752 | -7/Factory | Cargo convoy interrupted 4211 | -7/Factory | Build established: Scavenger-Gunner 4459 | -7/Factory | Lost 8 parts (1p1n2u4w) 5115 | -7/Factory | Build established: Scavenger-Tank 5497 | -7/Factory | System corruption reached 10% 6052 | -7/Factory | Lost 3 parts (2p1u) 6323 | -7/Factory | Discovered new exit (range 10) 6331 | -7/Factory | Identified exit to Factory 6332 | -7/Factory | Entered another Factory area 6332 | -6/Factory | Evolved 2 slots: Utility x1, Weapon x1 6362 | -6/Factory | Lost 4 parts (2n2w) 6700 | -6/Factory | Core integrity fell below 50% 6703 | -6/Factory | Discovered new exit (range 16) 6711 | -6/Factory | Entered Lower Caves 6720 | -6/Lower Caves | Lost 7 parts (1n3u3w) 6879 | -6/Lower Caves | Learned 4 Factory zone layouts 7059 | -6/Lower Caves | Identified exit to Lower Caves 7147 | -6/Lower Caves | Build established: Hacker-Mutant 7321 | -6/Lower Caves | Core integrity fell below 20% 7755 | -6/Lower Caves | Destroyed by G-50 Soldier with Heavy Laser Last Messages --------------- 07593_ Acquired Shock Absorption System. 07596_ Acquired Focal Shield. 07599_ Acquired Hvy. Battle Rifle. 07731_ Searching scrap... 07731_ Found Battle Rifle. 07731_ Found Hcp. Storage Unit. 07731_ Found Power Sword. 07731_ Found 31 Matter. 07732_ Acquired 30 matter. 07732_ Searching scrap... 07732_ Found Mak. Flight Unit. 07732_ Found 34 Matter. 07733_ Searching scrap... 07733_ Found Recoil Stabilizer. 07733_ Found Hrd. Light Armor Plating. 07733_ Found 63 Matter. 07737_ Acquired Battle Rifle. 07739_ Acquired Mak. Flight Unit. 07749_ Com. Wheel destroyed. [Achievement: Just Browsing] Map ----- +----------------------------------------------------+ | ????????????????????????????????????????????????# | | ????????????????????????????????????????????????# | | ???????????????????????????????????????????????## | | ???????????????????????????????????????????????# | | ???????????????????????????????????????????????# | | ???????????????????????????????????????????????## | | ????????????????????????????????????????????????## | | ?????????????????????????????????????????????????? | | ?????????????????????????????????????????????????? | | ?????????????????????????????????????????????????? | | ?????????????????????????????????????????????????? | | ?????????????????????????????????????????????????? | | ?????????????????????????????????????????????????? | | ?????????????????????????????????????????????????? | | ????????????????????????#######??????????????????? | | ????????????????????????# %%! #??????????????????? | | ????????????????????????# %! #?###??????????????? | | ????????????????????????##/ !### ###???####?????? | | ?????????????????????????# # ##### ##???# | | ?????????????????????######+## g #???# | | ?????????????????????# g g ##??# | | ?????????????????????# b ##???# ##?# | | ?????????????????????# #????# ### | | ?????????????????????# #### #??## # | | ?????????????????????# #????????# | | ?????????????????????## @ ##????????# | | ??????????????????????# #####??????# | | ??????????????????????## > #?# ####??## | | ???????????????????????# #?# #### ### | | ???????????????????????# ### ##?# | | ???????????????????????# # # #??## | | ???????????????????????# ### ### ### #??## | | ???????????????????????# #?# #?###?#### #???? | | ???????????????????????# #?# #????????## #???? | | ??????????????????????? ??# #?????????# #???? | | ?????????????????????? ??# #?????????## #??? | | ??????????????????????# ##??# #??????????## #?? | | ??????????????????????# ????# #????????????# ##?? | | ??????????????????????# ????# #?????????????##??? | | ??????????????????????? ???? #?????????????????? | | ???????????????????????????? ??????????????#### | | ???????????????????????????? ???????????#### # | | ???????????????????????????? ###?????????### | | ????????????????????????????#????????????# | | ?????????????????????????????????????????# | | ?????????????????????????????????????????# | | ?????????????????????????????????????????# | | ?????????????????????????????????????????# | | ?????????????????????????????????????????## # | | ??????????????????????????????????????????## #### | +----------------------------------------------------+ Best States ------------- Heat Dissipation 37 Energy Generation 25 Energy Capacity 460 Matter Stores 300 Matter Capacity 300 Sight Range 16 Robot Scan Range 15 Terrain Scan Range 16 Terrain Scan Density 10 ECM Strength 1 Armor Coverage 150 Resistance: KI 20 Resistance: EX 25 Core Shielding 30 Evasion (%) 55 Targeting Accuracy 11 Offensive Hacking 10 Defensive Hacking 10 Item Schematics ----------------- None Robot Schematics ------------------ None Fabricated ------------ Nothing Repaired ---------- Nothing Studied --------- Flak Cannon | -8/Materials | Hacked Hvy. Laser | -7/Factory | Hacked Alien Tech Used ----------------- None Achievements -------------- Dynamic Key Just Browsing Challenges ------------ None Game ------ Seed SlugAmuletBeacon Manual? 0 Play Time 00:47:53 Cumulative 31.4 hours Start 2026.09.04 @ 17:45:32 End 2026.09.04 @ 18:30:21 Sessions 1 Manual Loads 0 Difficulty Rogue Special Mode None Game No. 76 Rogue 59 Adventurer 15 Explorer 2 Win Type - Total 0 Types 0/0/0/0/0/0/0/0/0/0 Lore% 25 Gallery% 25 Achievement% 21 Wizard Run 0 Options --------- Layout 1 ASCII 0 Keyboard 0 Movement Mouse Keybinds 0 Fullscreen 1 Font 24/Smallcaps Map View 50x35 Zoom Use 0% Tactical HUD 1 Map Filters NONE Filters NONE Steam 1 RUN: bba8d9e1-ee14-4ff9-a8e7-a424965bb4bc